 Dungeon Crawl Stone Soup version 0.29-a0-23-ga79f92ac9c (webtiles) character file.

Game seed: 7866656224873716715

38106 Wyvernaa the Basher (level 14, -6/88 HPs)
             Began as a Gargoyle Fighter on Jan 29, 2022.
             Was a High Priest of Zin.
             Mangled by a cane toad (10 damage)
             ... on level 6 of the Lair of Beasts on Jan 30, 2022.
             The game lasted 01:04:11 (26367 turns).

Wyvernaa the Basher (Gargoyle Fighter)             Turns: 26367, Time: 01:04:11

Health: -6/88      AC: 22    Str: 24    XL:     14   Next: 0%
Magic:  0/19       EV: 12    Int:  8    God:    Zin [*****.]
Gold:   777        SH: 11    Dex:  9    Spells: 13/13 levels left

rFire   + . .      SeeInvis .   r - +4 flail (freeze)
rCold   + . .      Faith    .   e - +0 kite shield
rNeg    + . .      Spirit   +   w - +3 chain mail {rF+}
rPois   ∞          Reflect  .   (helmet restricted)
rElec   +          Harm     .   l - scarf {repulsion}
rCorr   +          Rampage  .   b - +0 pair of gloves
Will    +....                   u - +1 pair of boots
Stlth   ..........              c - amulet of guardian spirit
HPRegen 0.24/turn               j - ring "Heofeseb" {+Blink rC+ rCorr Int-2 Stlth+}
MPRegen 0.16/turn               y - +4 ring of evasion

@: about to teleport, corroded, flying, repel missiles
A: sickness immunity, AC +10, big wings, negative energy resistance 1,
electricity resistance, torment resistance 1, petrification resistance, beak
a: Renounce Religion, Evoke Blink, Recite, Vitalisation, Imprison, Sanctuary,
Donate Gold


You were on level 6 of the Lair of Beasts.
You worshipped Zin.
Zin was extremely pleased with you.
You visited 3 branches of the dungeon, and saw 18 of its levels.
You also visited: Ossuary and Volcano.

You collected 1096 gold pieces.
You spent 195 gold pieces at shops.
You donated 124 gold pieces to Zin.

Inventory:

Hand Weapons
 r - a +4 flail of freezing (weapon)
 s - a +1 antimagic mace
Armour
 b - a +0 pair of gloves (worn)
 d - a +0 plate armour
 e - a +0 kite shield (worn)
 l - a scarf of repulsion (worn)
 u - a +1 pair of boots (worn)
 w - a +3 chain mail of fire resistance (worn)
Jewellery
 c - an amulet of guardian spirit (around neck)
 j - the ring "Heofeseb" (left hand) {+Blink rC+ rCorr Int-2 Stlth+}
   (You acquired it on level 9 of the Dungeon)

   [ring of protection from cold]

   Int:       It affects your intelligence (-2).
   rC:        It protects you from cold.
   +Blink:    It lets you blink.
   rCorr:     It protects you from acid and corrosion.
   Stlth:     It makes you more stealthy.
 n - a ring of willpower
 p - a ring of willpower
 y - a +4 ring of evasion (right hand)
 z - a +4 ring of protection
 H - a +4 ring of protection
Wands
 x - a wand of flame (10)
 C - a wand of charming (3)
 J - a wand of acid (7)
 L - a wand of digging (7)
 M - a wand of paralysis (7)
Scrolls
 a - 3 scrolls of fog
 g - a scroll of teleportation
 k - 4 scrolls of fear
 t - 2 scrolls of blinking
 A - a scroll of brand weapon
Potions
 f - 3 potions of mutation
 h - 2 potions of flight
 i - 3 potions of haste
 m - 4 potions of attraction
 o - 2 potions of heal wounds
 q - 5 potions of curing
 v - 5 potions of brilliance {unknown}
 B - a potion of resistance
 D - a potion of might
 F - a potion of invisibility {unknown}
 G - a potion of magic
 I - 2 potions of berserk rage
 K - a potion of ambrosia {unknown}


   Skills:
 + Level 10.9 Fighting
 - Level 14.0 Maces & Flails
 + Level 12.6 Armour
 + Level 3.3 Dodging
 + Level 2.3 Stealth
 + Level 11.4 Shields
 * Level 7.3 Invocations
 + Level 1.0 Evocations


You had 13 spell levels left.
You didn't know any spells.
Your spell library contained the following spells:

 Spells                   Type           Power      Damage    Failure   Level
 Foxfire                  Conj/Fire      0%         2x1d4     99%         1
 Sandblast                Erth           0%         2d4       99%         1
 Sting                    Tmut/Pois      0%         1d3       99%         1
 Passwall                 Tmut/Erth      0%         N/A       100%        2
 Poisonous Vapours        Pois/Air       0%         N/A       100%        2
 Call Canine Familiar     Summ           0%         N/A       100%        3
 Gell's Gravitas          Tloc           0%         N/A       100%        3
 Lesser Beckoning         Tloc           0%         N/A       100%        3
 Mephitic Cloud           Conj/Pois/Air  0%         N/A       100%        3
 Portal Projectile        Hex/Tloc       0%         N/A       100%        3
 Stone Arrow              Conj/Erth      0%         3d7       100%        3
 Teleport Other           Tloc           0%         N/A       100%        3
 Tukima's Dance           Hex            0%         N/A       100%        3
 Animate Dead             Necr           0%         N/A       100%        4
 Flame Wave               Conj/Fire      0%         2d4       100%        4
 Leda's Liquefaction      Hex/Erth       0%         N/A       100%        4
 Olgreb's Toxic Radiance  Pois           0%         N/A       100%        4
 Passage of Golubria      Tloc           0%         N/A       100%        4
 Petrify                  Tmut/Erth      0%         N/A       100%        4
 Blade Hands              Tmut           0%         N/A       100%        5
 Excruciating Wounds      Necr           0%         N/A       100%        5
 Irradiate                Conj/Tmut      0%         3d14      100%        5
 Metabolic Englaciation   Hex/Ice        0%         N/A       100%        5
 Yara's Violent Unravell  Hex/Tmut       0%         3d3       100%        5
 Haunt                    Necr/Summ      0%         N/A       100%        7
 Infestation              Necr           0%         N/A       100%        8
 Statue Form              Tmut/Erth      Unusable   N/A       N/A         6

Dungeon Overview and Level Annotations

Branches:
Dungeon (11/15)            Temple (1/1) D:4            Lair (6/6) D:10
  Swamp (0/4) Lair:2        Snake (0/4) Lair:4          Orc (0/2) D:9
Ossuary (visited)         Volcano (visited)
  Slime: Lair:5-6

Altars:
Ashenzari
Cheibriados
Dithmenos
Elyvilon
Fedhas
Gozag
Hepliaklqana
Kikubaaqudgha
Makhleb
Nemelex Xobeh
Okawaru
Qazlal
Ru
Sif Muna
Trog
Uskayaw
Vehumet
Wu Jian
Xom
Yredelemnul
Zin
The Shining One

Shops:
D:2 [   D:6 *   D:9 [

Annotations:
D:4 Menkaure
Lair:5 2 runed translucent doors, Pooter's ghost, journeyman TrMo


Innate Abilities, Weirdness & Mutations

You are immune to sickness and miasma.
Your stone body is resilient. (AC +10)
You are immune to poison.
Your large and strong wings let you fly.
You resist negative energy. (rN+)
You are resistant to electric shocks. (rElec)
You are resistant to unholy torment.
You are immune to petrification.
You have a beak for a mouth.


Message History

The goliath frog misses you. The cane toad barely misses you.
You sock the goliath frog!
The goliath frog seems to slow down.
You freeze the goliath frog. Your peck misses the goliath frog.
The goliath frog is heavily wounded.
You block the cane toad's attack. The goliath frog barely misses you.
You barely miss the goliath frog. Your peck misses the goliath frog.
The goliath frog is moderately wounded.
The cane toad completely misses you.
You hit the goliath frog. You freeze the goliath frog.
Your peck misses the goliath frog.
The goliath frog is heavily wounded.
The goliath frog is no longer moving slowly.
The goliath frog hits you! The acid corrodes you!
You are splashed with acid.
You resist. You block the cane toad's attack.
You barely miss the goliath frog.
The goliath frog is heavily wounded.
The goliath frog hits you! The acid corrodes you!
You are splashed with acid.
You resist. You block the cane toad's attack.
You closely miss the goliath frog. Your peck misses the goliath frog.
The goliath frog is heavily wounded.
The goliath frog hits you but does no damage.
The cane toad stings you!
* * * LOW HITPOINT WARNING * * *
You miss the goliath frog. Your peck misses the goliath frog.
The goliath frog is heavily wounded.
The goliath frog hits you but does no damage.
You block the cane toad's attack.
As you read the scroll of teleportation, it crumbles to dust.
You feel strangely unstable. The goliath frog hits you.
* * * LOW HITPOINT WARNING * * *
You are splashed with acid.
You resist.
* * * LOW HITPOINT WARNING * * *
You block the cane toad's attack.
Okay, then.
The goliath frog hits you.
* * * LOW HITPOINT WARNING * * *
You are splashed with acid.
You resist.
* * * LOW HITPOINT WARNING * * *
The cane toad stings you!
You die...

P≈≈.≈.............##P.#..
P....≈...##.....†..###.÷.
..............†....###...
..............##....###..
.............#.#†..††...#
$...........#.#....#.....
.......F...###......#....
..#..F#F## ###..###....
......##@## #P##......
...... ### ###.......
...#. #.......# #. #
##.......# # #.#..P...#
###......# #......#
#....### ##....#


You could see a goliath frog, a cane toad and a blink frog.

Vanquished Creatures
  A red draconian (Volcano)
  A boulder beetle (Lair:2)
  A centaur warrior (Volcano)
  4 hydras
  3 two-headed ogres
  3 death yaks
  Sonja (Lair:6)
  A goliath frog (Lair:6)
  An orc knight (D:11)
  An oklob plant (D:10)
  An orc sorcerer (D:10)
  10 cane toads
  A black mamba (Lair:5)
  2 molten gargoyles (Volcano)
  2 torpor snails (Lair:3)
  7 komodo dragons
  A kobold demonologist (D:10)
  4 rime drakes
  A yaktaur (Volcano)
  A troll (D:9)
  A polar bear (Lair:3)
  2 hornets
  15 blink frogs
  4 wyverns
  45 yaks
  2 fire bats (Volcano)
  2 basilisks (Lair:3)
  A steam dragon (Lair:3)
  3 vampire mosquitoes (Lair:6)
  2 nagas (Lair:4)
  An acid dragon (D:10)
  15 water moccasins
  A sky beast (D:5)
  A hornet zombie (D:7)
  4 orc warriors
  4 black bears
  A necrophage (D:7)
  8 centaurs
  11 wolves
  A phantom (D:6)
  3 kobold brigands
  19 bullfrogs
  3 scorpions (D:6)
  7 water moccasin zombies
  A killer bee (D:8)
  6 electric eels
  6 howler monkeys
  9 wights (D:8)
  5 lava snakes (Volcano)
  3 centaur zombies
  2 hounds (D:5)
  A jelly (D:8)
  10 orc priests
  A centaur skeleton (D:7)
  An iron imp (D:6)
  Jessica (D:3)
  An iguana (D:5)
  12 orc wizards
  A hell rat (Lair:3)
  Terence (D:3)
  A killer bee zombie (D:8)
  2 mummies (Ossuary)
  5 gnolls
  6 adders
  A shadow imp (D:8)
  A white imp (D:8)
  An ufetubus (D:6)
  3 adder zombies (Ossuary)
  2 worms (D:3)
  4 dart slugs
  23 orcs
  7 endoplasms
  2 giant cockroaches (D:3)
  4 gnoll zombies (Ossuary)
  8 goblins
  A hobgoblin (D:1)
  12 kobolds
  2 quokkas
  7 ball pythons
  6 bats
  2 frilled lizards
  4 hobgoblin zombies (Ossuary)
  4 kobold zombies (Ossuary)
  5 orc zombies (Ossuary)
  6 rats
  A spectral orc (D:7)
384 creatures vanquished.

Vanquished Creatures (others)
  A bush (Lair:6)
  15 fungi
  97 plants
113 creatures vanquished.

Grand Total: 497 creatures vanquished

Notes
Turn   | Place    | Note
-------+----------+-------------------------------------------
     0 | D:1      | Wyvernaa the Gargoyle Fighter began the quest for the Orb.
     0 | D:1      | Reached XP level 1. HP: 14/14 MP: 1/1
   223 | D:1      | Reached XP level 2. HP: 19/19 MP: 2/2
   258 | D:1      | Found a faded altar of an unknown god.
   770 | D:1      | Reached XP level 3. HP: 24/24 MP: 3/3
  1050 | D:2      | Found Obbahosu's Antique Armour Emporium.
  1323 | D:2      | Reached skill level 1 in Stealth
  1392 | D:3      | Found a white marble altar of Elyvilon.
  1436 | D:3      | Noticed Terence
  2250 | D:2      | Reached XP level 4. HP: 15/29 MP: 4/4
  2583 | D:3      | Reached skill level 3 in Maces & Flails
  2930 | D:3      | You fall into a shaft and drop 1 floor!
  3116 | D:4      | Found a sand-covered staircase.
  3133 | Ossuary  | Entered an ossuary
  3178 | Ossuary  | Reached XP level 5. HP: 16/33 MP: 5/5
  3355 | Ossuary  | Reached skill level 4 in Maces & Flails
  3427 | Ossuary  | Reached XP level 6. HP: 38/38 MP: 6/6
  3475 | Ossuary  | Reached skill level 5 in Maces & Flails
  4237 | D:3      | Noticed Jessica
  4248 | D:3      | Killed Terence
  4249 | D:3      | Reached XP level 7. HP: 25/43 MP: 7/7
  4250 | D:3      | Killed Jessica
  4533 | D:3      | Reached skill level 6 in Maces & Flails
  4989 | D:4      | Found a staircase to the Ecumenical Temple.
  5024 | Temple   | Entered the Ecumenical Temple
  5134 | Temple   | Became a worshipper of Zin the Law-Giver
  5134 | Temple   | Reached * piety under Zin
  5280 | D:4      | Noticed Menkaure
  5645 | D:5      | Entered Level 5 of the Dungeon
  6821 | D:6      | Found Best's Assorted Antiques.
  6825 | D:6      | Bought a pair of glowing boots for 195 gold pieces
  7037 | D:6      | Reached skill level 5 in Armour
  7163 | D:6      | Found an ancient bone altar of Kikubaaqudgha.
  7213 | D:6      | Reached XP level 8. HP: 16/48 MP: 5/8
  7219 | D:6      | Reached skill level 7 in Maces & Flails
  7581 | D:6      | Reached skill level 1 in Invocations
  8235 | D:6      | Identified the +2 robe of the Meadowlark {rPois rN+}
  8253 | D:6      | Noticed a wyvern
  8261 | D:6      | Donated 15 gold pieces to Zin
  8273 | D:6      | Killed a wyvern
  8274 | D:6      | Reached skill level 5 in Fighting
  8754 | D:6      | Found an iron altar of Okawaru.
  8817 | D:6      | Reached skill level 8 in Maces & Flails
  8912 | D:6      | Found a burning altar of Makhleb.
  8982 | D:6      | Reached skill level 1 in Dodging
  9219 | D:5      | Reached XP level 9. HP: 49/54 MP: 9/9
  9590 | D:5      | Reached ** piety under Zin
  9618 | D:5      | Gained mutation: You have a beak for a mouth. [potion of
                  | mutation]
  9634 | D:5      | Reached skill level 5 in Shields
  9897 | D:5      | Reached skill level 9 in Maces & Flails
 10004 | D:5      | Found a shimmering altar of Xom.
 10005 | D:5      | Found a hazy altar of Hepliaklqana.
 10006 | D:5      | Noticed a spectral ugly thing
 10261 | D:5      | Identified a scroll of acquirement
 10261 | D:5      | Acquired a scarf of repulsion
 11035 | D:7      | Reached skill level 10 in Maces & Flails
 11072 | D:7      | Found a basalt altar of Yredelemnul.
 11320 | D:8      | Reached XP level 10. HP: 45/60 MP: 10/10
 12304 | D:8      | Reached *** piety under Zin
 12939 | D:9      | Found a sparkling altar of Nemelex Xobeh.
 13301 | D:9      | Upgraded the game from 0.29-a0-22-gbf593b16ee to
                  | 0.29-a0-23-ga79f92ac9c
 13305 | D:9      | Noticed a two-headed ogre
 13743 | D:9      | Noticed a two-headed ogre
 13865 | D:9      | Killed a two-headed ogre
 13866 | D:9      | Reached skill level 11 in Maces & Flails
 13930 | D:9      | Found a staircase to the Orcish Mines.
 14168 | D:9      | Acquired the ring "Heofeseb" {+Blink rC+ rCorr Int-2
                  | Stlth+}
 14173 | D:9      | Noticed a two-headed ogre
 14183 | D:9      | Killed a two-headed ogre
 14184 | D:9      | Reached XP level 11. HP: 58/66 MP: 10/12
 14304 | D:9      | Found Puywetia's Armour Shoppe.
 14716 | D:9      | Reached skill level 12 in Maces & Flails
 14932 | D:10     | Entered Level 10 of the Dungeon
 14941 | D:10     | Reached **** piety under Zin
 15103 | D:10     | Found a stormy altar of Qazlal.
 15287 | D:10     | Noticed a two-headed ogre
 15295 | D:10     | Killed a two-headed ogre
 15310 | D:10     | Found a radiant altar of Vehumet.
 15333 | D:10     | Found a staircase to the Lair.
 15335 | D:10     | Noticed an orc knight
 15401 | D:10     | Noticed an orc sorcerer
 15427 | D:11     | Killed an orc knight
 15555 | D:10     | Killed an orc sorcerer
 15620 | D:10     | Noticed an oklob plant
 15652 | D:10     | Reached ***** piety under Zin
 16162 | D:10     | Killed an oklob plant
 16198 | Lair:1   | Entered Level 1 of the Lair of Beasts
 16211 | Lair:1   | Reached skill level 13 in Maces & Flails
 17511 | Lair:1   | Reached XP level 12. HP: 37/73 MP: 6/13
 18689 | Lair:2   | Noticed a boulder beetle
 18744 | Lair:2   | Killed a boulder beetle
 18745 | Lair:2   | Reached skill level 10 in Armour
 19065 | Lair:2   | Noticed a seven-headed hydra
 19073 | Lair:2   | Killed a seven-headed hydra
 19139 | Lair:2   | Noticed a death yak
 19139 | Lair:2   | Noticed a death yak
 19165 | Lair:3   | Reached skill level 14 in Maces & Flails
 19236 | Lair:3   | Found a dark tunnel.
 19241 | Volcano  | Entered a volcano
 19552 | Volcano  | Found a radiant altar of Vehumet.
 19552 | Volcano  | Noticed a centaur warrior
 19587 | Volcano  | Killed a centaur warrior
 19737 | Volcano  | Noticed a red draconian
 19756 | Volcano  | Killed a red draconian
 20356 | Lair:3   | Reached skill level 1 in Evocations
 20395 | Lair:3   | You fall into a shaft and drop 2 floors!
 20995 | Lair:3   | Reached skill level 5 in Invocations
 20995 | Lair:3   | Reached XP level 13. HP: 80/80 MP: 16/16
 21164 | Lair:3   | Reached skill level 10 in Shields
 21460 | Lair:3   | Got the Guide on Combat Magic and Poison
 21980 | Lair:3   | Reached skill level 10 in Fighting
 22642 | Lair:2   | Found a staircase to the Swamp.
 23264 | Lair:4   | Reached ****** piety under Zin
 23321 | Lair:4   | Found a staircase to the Snake Pit.
 24032 | Lair:5   | Found a large runed translucent door.
 24033 | Lair:5   | Found a large runed translucent door.
 24034 | Lair:5   | Noticed Pooter's ghost (journeyman TrMo)
 25206 | Lair:6   | Entered Level 6 of the Lair of Beasts
 25207 | Lair:6   | Noticed Sonja
 25680 | Lair:6   | Killed Sonja
 26352 | Lair:6   | Gained mutation: Your large and strong wings let you fly.
                  | [Gargoyle growth]
 26352 | Lair:6   | Reached XP level 14. HP: 49/88 MP: 10/19
 26367 | Lair:6   | HP: 4/88 [acid (4)]
 26367 | Lair:6   | Mangled by a cane toad

Illustrated notes

Levels and vault maps discovered:
D:1:      evilmike_arrival_fibonacci_small, layout_basic,
          chequers_ecumenical_altar_twisty, minmay_tetromino_l2
D:2:      layout_basic, serial_shops, shop
D:3:      minmay_recursive_quarters, layout_loops_ring,
          mainiacjoe_overflow_brackets, uniq_jessica, uniq_terence
D:4:      layout_loops_corners, temple_doors_e, nicolae_ossuary_entry_ruins,
          kennysheep_small_circle, uniq_menkaure
D:5:      layout_loops_ring, regret_index_temple_of_mockery
D:6:      layout_gridville, mainiacjoe_overflow_cross_hatched,
          makhleb_grotto_becter, lemuel_tele_altar, gup_sewer_entry_bowl,
          serial_shops, shop
D:7:      layout_rooms, yredelemnul_forgotten_temple_becter
D:8:      layout_cave_pools, grunt_ministairs_3
D:9:      minmay_razor_zed, layout_layer_cave, mainiacjoe_overflow_alcove_1,
          orc_0_dummy, serial_shops, kennysheep_mini
D:10:     layout_roguey, nicolae_qazlal_eye_of_the_storm,
          mainiacjoe_overflow_paths, dpeg_oklobed_lair
D:11:     nicolae_cairo_tiling_large_dashed, layout_small_grid, special_room
          [special_room_orc]
Temple:   minmay_temple_bridge_abc
Lair:1:   gammafunk_indiana_jones, layout_concentric_octagons,
          eino_small_chamber_without_monster, beast_lair_carwin_5,
          serial_bayou_shore_a, infiniplex_staircase_pool, lemuel_fruit_tree,
          serial_bayou_shore_b
Lair:2:   layout_cave_pods, minmay_swamp_entry_eels, lemuel_fruit_fields
Lair:3:   layout_loops_ring, enter_volcano_4, nzn_random_ring
Lair:4:   layout_regular_city, guppyfry_snake_entry_garden
Lair:5:   layout_regular_city, ebering_ghost_disaster_area
Lair:6:   minmay_lair_end_frog_pond, layout_misc_corridors, slime_altar_1,
          uniq_sonja

Skill      XL: |  1  2  3  4  5  6  7  8  9 10 11 12 13 |
---------------+----------------------------------------+-----
Armour         | 4 5 6 7 8 9 11 12 | 12.6
Stealth        | 1 2 |  2.3
Maces & Flails | 3 4 5 6 8 10 11 13 14 | 14.0
Fighting       | 4 5 6 7 9 10 | 10.9
Shields        | 4 6 7 8 9 11 | 11.4
Invocations    | 1 2 5 7 |  7.3
Dodging        | 1 2 3 |  3.3
Evocations     | 1 |  1.0

Action                   |  1- 3 |  4- 6 |  7- 9 | 10-12 | 13-15 || total
-------------------------+-------+-------+-------+-------+-------++-------
Melee: Flail             |    99 |   179 |   252 |   687 |   451 ||  1668
       Mace              |       |       |   182 |       |       ||   182
       Peck              |       |       |    15 |   154 |    83 ||   252
Invok: Recite            |       |       |     3 |     2 |     2 ||     7
       Donate Gold       |       |       |     1 |       |       ||     1
Evoke: Wand              |       |       |       |     5 |       ||     5
  Use: Scroll            |     5 |     2 |    10 |     8 |     2 ||    27
       Potion            |       |     1 |     9 |     6 |       ||    16
 Stab: Confused          |       |       |       |       |     1 ||     1
Armor: Scale mail        |    44 |    15 |       |       |       ||    59
       Chain mail        |       |    93 |   240 |   274 |   200 ||   807
       Plate armour      |       |       |   160 |   111 |       ||   271
Dodge: Dodged            |    55 |    47 |   149 |   222 |   166 ||   639
       Repelled          |       |       |       |     6 |       ||     6
Block: Buckler           |    25 |    31 |    34 |       |       ||    90
       Kite shield       |       |       |   128 |   378 |   211 ||   717

Table legend: (Time is in decaauts)
 A = Elapsed time spent in this place.
 B = Non-inter-level travel time spent in this place.
 C = Inter-level travel time spent in this place.
 D = Time resting spent in this place.
 E = Time spent auto-exploring this place.
 F = Levels seen in this place.
 G = Mean time per level.
                   A        B        C        D        E       F      G
               +--------+--------+--------+--------+--------+-----+--------+
         Total |  26428 |  25782 |    646 |   8410 |  11288 |  20 | 1321.4 |
       Dungeon |  16409 |  16041 |    368 |   5879 |   6499 |  11 | 1491.7 |
        Temple |    146 |    117 |     29 |      0 |     32 |   1 |  146.0 |
          Lair |   8184 |   7935 |    249 |   1941 |   4356 |   6 | 1364.0 |
       Ossuary |    704 |    704 |      0 |    397 |     17 |   1 |  704.0 |
       Volcano |    982 |    982 |      0 |    193 |    384 |   1 |  982.0 |
               +--------+--------+--------+--------+--------+-----+--------+

Top non-repeatable levels by time:
     D:6: 2447 daAuts
  Lair:5: 2087 daAuts
    D:10: 2020 daAuts
     D:4: 2008 daAuts
  Lair:3: 1937 daAuts
     D:9: 1859 daAuts
     D:3: 1597 daAuts
     D:5: 1558 daAuts
  Lair:1: 1547 daAuts
  Lair:2: 1370 daAuts
     D:8: 1369 daAuts
     D:2: 1345 daAuts
     D:1: 1070 daAuts
     D:7: 1000 daAuts
 Volcano: 982 daAuts
